 Dungeon Crawl Stone Soup version 0.16-a0-1794-gf7beed7 (webtiles) character file.

933 timbw the Basher (level 7, 0/62 HPs)
             Began as a Troll Skald on Nov 2, 2014.
             Was an Initiate of Ashenzari.
             Slain by a worker ant (3 damage)
             ... on level 8 of the Dungeon.
             The game lasted 00:11:23 (2196 turns).

timbw the Basher (Troll Skald)                      Turns: 2196, Time: 00:11:23

Health: 0/62       AC: -3    Str: 21    XL:     7   Next: 86%
Magic:  5/5        EV: 14    Int:  8    God:    Ashenzari [......]
Gold:   166        SH:  0    Dex: 16    Spells: 1 memorised, 7 levels left

rFire  . . .     SeeInvis .     l - +2 mace (protect) (curse)
rCold  . . .     Clarity  .     b - +1 robe (curse)
rNeg   . . .     SustAb   .     (shield restricted)
rPois  .         Gourm    +     (helmet restricted)
rElec  .         Spirit   .     (no cloak)
rCorr  .         Warding  .     (gloves unavailable)
rMut   .         Stasis   .     (boots unavailable)
MR     .....                    (no amulet)
Stlth  ++........               u - ring of wizardry
                                r - ring of wizardry

@: agile, lethally poisoned, corroded equipment, not resistant to hostile
enchantments, unstealthy
A: unfitting armour, claws 3, fast metabolism 3, gourmand, regeneration 2,
shaggy fur 1, tough skin 2
a: Renounce Religion


You were on level 8 of the Dungeon.
You worshipped Ashenzari.
Ashenzari was noncommittal.
You were not hungry.

You visited 2 branches of the dungeon, and saw 9 of its levels.

You collected 166 gold pieces.

Inventory:

Hand weapons
 a - a +0 mace
 l - a cursed +2 mace of protection (weapon)
 y - a +0 flail
Missiles
 f - 4 javelins of returning (quivered)
Armour
 b - a cursed +1 robe (worn)
Magical staves
 w - an uncursed staff of power
Jewellery
 r - a ring of wizardry (left claw)
 u - a ring of wizardry (right claw)
Magical devices
 z - a wand of random effects (21)
 C - a wand of random effects (33)
Scrolls
 k - 2 scrolls of recharging
 m - a scroll of noise {unknown}
 v - 5 scrolls of curse armour
 A - 5 scrolls of curse weapon
Potions
 e - a potion of agility
 g - a potion of cure mutation {unknown}
 n - 2 potions of curing {unknown}
 o - 2 potions of brilliance {unknown}
 q - 3 potions of restore abilities
 t - a potion of haste {unknown}
Books
 c - a book of Battle

   Spells                             Type                      Level
   *Infusion                          Charms                       1
   Shroud of Golubria                 Charms/Translocation         2
   Song of Slaying                    Charms                       2
   Spectral Weapon                    Hexes/Charms                 3
   Regeneration                       Charms/Necromancy            3
Comestibles
 d - 4 meat rations
 h - a bread ration
 j - 2 fruits
 p - a royal jelly
 B - a beef jerky


   Skills:
 - Level 1.5 Fighting
 + Level 8.5 Maces & Flails
 - Level 0.7 Armour
 - Level 0.7 Dodging
 - Level 1.2 Spellcasting
 - Level 2.0 Charms


You had 7 spell levels left.
You knew the following spells:

 Your Spells              Type           Power        Failure   Level  Hunger
a - Infusion              Chrm           #.....       5%          1    ##.....


Dungeon Overview and Level Annotations

Branches:
Dungeon (8/15)             Temple (1/1) D:7
   Lair: D:8-11

Altars:
Ashenzari
Cheibriados
Dithmenos
Kikubaaqudgha
Makhleb
Nemelex Xobeh
Okawaru
Ru
Trog
Xom

Shops:
D:5 *


Innate Abilities, Weirdness & Mutations

You are too large for most types of armour.
You have claws for hands.
Your metabolism is lightning-fast.
You like to eat raw meat.
You heal very quickly.
You are covered in fur (AC +1).
You have very tough skin (AC +2).


Message History

You feel sick. The worker ant misses you.
You barely miss the worker ant.
The worker ant is severely wounded.
You feel sick. The worker ant bites you!
* * * LOW HITPOINT WARNING * * *
You are more poisoned.
The worker ant poisons you!
The worker ant waves its antennae.
The worker ant barely misses you.
You hit the worker ant but do no damage.
The worker ant is severely wounded.
You feel sick. The worker ant bites you!
* * * LOW HITPOINT WARNING * * *
You are more poisoned.
The worker ant poisons you!
You hit the worker ant.
The worker ant is almost dead.
* * * LOW HITPOINT WARNING * * *
You feel sick. The worker ant bites you.
You die...

.## ........# ..#
.........## #.##
.......... #..# ##
#...... #..###..# #...#
#.......# #..#
..#......# ##.#
.###..##[.## ###a## ##
..# #..###..@.## # ..#
#.........## #
.####..<.......# ##
#..#............... §#
#...................
§####....##.........##.
.......## #.........#
.......# ##........##
#...##..##...........


You could see a worker ant.

Vanquished Creatures
  A hippogriff (D:8)
  Eustachio (D:7)
  A big kobold (D:8)
  An orc priest (D:3)
  A worker ant (D:7)
  A gnoll shaman (D:6)
  3 hounds
  A jelly (D:8)
  2 orc wizards
  Ijyb (D:2)
  An ogre skeleton (D:5)
  13 gnolls
  10 adders
  A shadow imp (D:8)
  A worm (D:2)
  A giant gecko (D:3)
  7 orcs
  2 giant cockroaches
  8 hobgoblins
  4 jackals (D:3)
  9 kobolds
  2 ball pythons
  3 bats
  A giant newt (D:4)
  11 goblins
  6 rats
93 creatures vanquished.

Notes
Turn   | Place    | Note
--------------------------------------------------------------
     0 | D:1      | timbw, the Troll Skald, began the quest for the Orb.
     0 | D:1      | Reached XP level 1. HP: 19/19 MP: 2/2
   166 | D:1      | Reached XP level 2. HP: 27/27 MP: 2/2
   418 | D:2      | Reached skill level 3 in Maces & Flails
   418 | D:2      | Reached XP level 3. HP: 15/33 MP: 3/3
   459 | D:2      | Noticed Ijyb
   479 | D:2      | Killed Ijyb
   511 | D:2      | Reached XP level 4. HP: 27/41 MP: 4/4
   525 | D:2      | Reached skill level 4 in Maces & Flails
   643 | D:3      | Found a snail-covered altar of Cheibriados.
   710 | D:3      | Found a bloodstained altar of Trog.
   761 | D:4      | Reached XP level 5. HP: 43/48 MP: 4/4
   793 | D:4      | Reached skill level 5 in Maces & Flails
   954 | D:4      | Reached XP level 6. HP: 55/55 MP: 5/5
  1011 | D:5      | Entered Level 5 of the Dungeon
  1035 | D:5      | Found Sogouwou's Assorted Antiques.
  1076 | D:5      | Reached skill level 6 in Maces & Flails
  1273 | D:7      | Found a sparkling altar of Nemelex Xobeh.
  1534 | D:7      | Found a staircase to the Ecumenical Temple.
  1544 | Temple   | Entered the Ecumenical Temple
  1592 | Temple   | Became a worshipper of Ashenzari the Shackled
  1697 | D:7      | Found an ancient bone altar of Kikubaaqudgha.
  1805 | D:7      | Reached skill level 7 in Maces & Flails
  1805 | D:7      | Reached XP level 7. HP: 55/62 MP: 5/5
  1845 | D:7      | Noticed Eustachio
  1876 | D:7      | Killed Eustachio
  1996 | D:8      | Reached skill level 8 in Maces & Flails
  2196 | D:8      | HP: 3/62 [poisoned by a worker ant]
  2196 | D:8      | Slain by a worker ant

Action                   |  1- 3 |  4- 6 |  7- 9 || total
-------------------------+-------+-------+-------++-------
Melee: Mace              |   100 |   252 |   118 ||   470
Throw: Javelin           |     3 |     4 |     4 ||    11
       Throwing net      |     1 |       |     1 ||     2
  Use: Scroll            |       |     8 |     2 ||    10
       Potion            |       |       |     3 ||     3
  Eat: Chunk             |     3 |    13 |     4 ||    20
